 Dungeon Crawl Stone Soup version 0.23-a0-171-g5ae17c6 (webtiles) character file.

359 Gildeon the Ruffian (level 6, -1/62 HPs)
             Began as a Troll Fighter on Sept 15, 2018.
             Slain by a troll (10 damage)
             ... on level 4 of the Dungeon.
             The game lasted 00:10:22 (2468 turns).

Gildeon the Ruffian (Troll Fighter)                 Turns: 2468, Time: 00:10:25

Health: -1/62      AC:  5    Str: 25    XL:     6   Next: 37%
Magic:  5/5        EV: 11    Int:  5    God:
Gold:   182        SH:  0    Dex: 10    Spells: 5/5 levels left

rFire    . . .     SeeInvis .     - Unarmed
rCold    . . .     Gourm    +   (no shield)
rNeg     . . .     Faith    .   a - +0 robe
rPois    .         Spirit   .   (helmet restricted)
rElec    .         Reflect  .   (no cloak)
rCorr    .         Harm     .   (gloves unavailable)
MR       .....                  (boots unavailable)
Stlth    +.........             (no amulet)
HPRegen  0.60/turn              (no ring)
MPRegen  0.09/turn              (no ring)

@: confused
A: large, unfitting armour, claws 3, fast metabolism 3, gourmand, regeneration
1, shaggy fur 1, tough skin 2
a: no special abilities


You were on level 4 of the Dungeon.
You were completely stuffed.

You visited 1 branch of the dungeon, and saw 4 of its levels.

You collected 182 gold pieces.

Inventory:

Hand Weapons
 c - a +0 flail
Armour
 a - a +0 robe (worn)
Jewellery
 h - an uncursed amulet of rage {unknown}
Scrolls
 b - a scroll of magic mapping
 l - a scroll of remove curse
Potions
 e - a potion of berserk rage
 g - a potion of curing
 i - a potion of lignification
 j - a potion of degeneration {unknown}
 m - a potion of flight {unknown}
Comestibles
 d - 7 rations
 k - 3 chunks of flesh


   Skills:
 + Level 4.0 Fighting
 + Level 4.0 Dodging
   Level 2.4 Shields
 + Level 4.1 Unarmed Combat


You had 5 spell levels left.
You didn't know any spells.
Your spell library was empty.

Dungeon Overview and Level Annotations

Branches:
Dungeon (4/15)             Temple (0/1) D:4

Altars:
Elyvilon
Gozag
Ru


Innate Abilities, Weirdness & Mutations

You are too large for most types of armour.
You have claws for hands.
Your metabolism is lightning-fast.
You like to eat raw meat.
Your natural rate of healing is unusually fast.
You are covered in fur. (AC +1)
You have very tough skin. (AC +2)


Message History

A worker ant comes into view.
The troll moves out of view.
Found a scroll labeled NESETEI OSKETA.
You see here a triangular lapis lazuli amulet.
Okay, then.
h - a triangular lapis lazuli amulet The worker ant twitches its antennae in your direction.
You scratch the troll.
The troll is lightly wounded.
The troll barely misses you. The troll closely misses you. The troll claws you!
You scratch the troll.
The troll is lightly wounded.
The troll bites you! The troll claws you! The troll claws you.
You are confused.
You feel invigorated. The troll bites you!
* * * LOW HITPOINT WARNING * * *
The troll claws you.
* * * LOW HITPOINT WARNING * * *
The troll claws you!
You die...

***,*,,,,,**,*
*,,,,,,,,,*#.# *****
*,,,,******#.# *,,,,
*,,,,,* #.# *,*** *,,,*,**
#.# *,* * *****,,* #.# *,*
* *** *#,** #.# *,* *
,,******#..####.#########**
*,* *
,,,,,,,,........@Ta).....,*
*,* *
,,,,**,,.....##.###...?..,*
*,* * ,,,,**,,.....##.#
*,.....,* *,***
,,,,**,,........# *,,....,*
*,*,, ,,,,****###..##.#
*,,,...,* *,*,* *,,,,*
#..*#.# *,,,,..,* *,*,*
*,,,,* #..##.# **+***#**
*,*,* *,,,,* *,..#.# *,*
*,*,* *,,,,* *,#.#.#
*,********,*,*


You could see a troll and a worker ant.

Vanquished Creatures
  Purgy (D:3)
  A sky beast (D:3)
  3 gnolls (D:4)
  3 adders
  A shadow imp (D:3)
  3 worms (D:2)
  2 dart slugs
  3 leopard geckos
  9 orcs (D:3)
  A ball python (D:2)
  2 giant cockroaches (D:1)
  7 goblins
  8 hobgoblins
  10 jackals
  7 kobolds
  3 quokkas
  9 bats
  2 frilled lizards
  5 rats
80 creatures vanquished.

Notes
Turn   | Place    | Note
-------+----------+-------------------------------------------
     0 | D:1      | Gildeon the Troll Fighter began the quest for the Orb.
     0 | D:1      | Reached XP level 1. HP: 22/22 MP: 0/0
   106 | D:1      | Reached XP level 2. HP: 28/29 MP: 1/1
   513 | D:1      | Reached XP level 3. HP: 34/36 MP: 2/2
  1100 | D:2      | Reached XP level 4. HP: 45/45 MP: 3/3
  1193 | D:2      | Found a sacrificial altar of Ru.
  1577 | D:3      | Found a white marble altar of Elyvilon.
  1693 | D:3      | Noticed a sky beast
  1700 | D:3      | Killed a sky beast
  1700 | D:3      | Reached XP level 5. HP: 53/53 MP: 4/4
  1850 | D:3      | Noticed Purgy
  1859 | D:3      | Killed Purgy
  1859 | D:3      | Reached XP level 6. HP: 54/62 MP: 5/5
  1987 | D:3      | Found an opulent altar of Gozag.
  2461 | D:4      | Noticed a troll
  2468 | D:4      | Slain by a troll

Vault maps used:
D:1:      shiori_arrival_elements, lemuel_another_geyser
D:2:      nicolae_ru_path_of_blood
D:3:      lemuel_round_altar, nicolae_gozag_cash_rules_everything_around_me,
          serial_bayou_pond_e, serial_park_tiny_2, uniq_purgy
D:4:      minmay_temple_entry_hall, first_ration, uniq_robin, uniq_menkaure

Skill      XL: |  1  2  3  4  5  6 |
---------------+-------------------+-----
Dodging        | 3 4 |  4.0
Fighting       | 3 4 |  4.0
Unarmed Combat | 3 4 |  4.1
Shields        | |  2.4

Action                   |  1- 3 |  4- 6 || total
-------------------------+-------+-------++-------
Melee: Unarmed           |   111 |   111 ||   222
       Punch             |       |     1 ||     1
  Use: Scroll            |     1 |     9 ||    10
       Potion            |       |     4 ||     4
 Stab: Sleeping          |       |     2 ||     2
  Eat: Chunk             |    15 |    13 ||    28
Armor: Robe              |    42 |    38 ||    80
Dodge: Dodged            |    72 |    67 ||   139

Table legend:
 A = Non-vault XP
 B = Vault XP
 C = Vault XP percentage of total XP
 D = Non-vault monster count
 E = Vault monster count
 F = Vault count percentage of total count
                 A         B        C        D         E       F
            +---------+---------+-------+---------+---------+-------
      Total |     376 |     138 |  26.8 |      79 |       1 |   1.2
            +---------+---------+-------+---------+---------+-------
        D:1 |      46 |       0 |   0.0 |      24 |       0 |   0.0
        D:2 |      81 |       0 |   0.0 |      29 |       0 |   0.0
        D:3 |     207 |     138 |  40.0 |      23 |       1 |   4.2
        D:4 |      42 |       0 |   0.0 |       3 |       0 |   0.0
            +---------+---------+-------+---------+---------+-------
